 Dungeon Crawl Stone Soup version 0.30-a0-672-gc3a7216ad8 (webtiles) character file.

Game seed: 16159841783012132089

65 tio the Grave Robber (level 3, -4/36 HPs)
             Began as a Demonspawn Wanderer on Jan 18, 2023.
             Slain by Sigmund
             ... wielding a +5 scythe of flaming
              (6 damage)
             ... on level 2 of the Dungeon.
             The game lasted 00:15:37 (2083 turns).

tio the Grave Robber (Demonspawn Wanderer)          Turns: 2083, Time: 00:15:38

Health: -4/36      AC: 21    Str: 15    XL:     3   Next: 92%
Magic:  13/13      EV:  2    Int: 12    God:
Gold:   96         SH:  0    Dex: 14    Spells: 3/4 levels left

rFire   . . .      SeeInvis .    a - +0 quarterstaff
rCold   . . .      Faith    .    (shield currently unavailable)
rNeg    . . .      Spirit   .    (body armour currently unavailable)
rPois   +          Reflect  .    (helmet currently unavailable)
rElec   .          Harm     .    (cloak currently unavailable)
rCorr   .          Rampage  .    (gloves currently unavailable)
Will    .....      NoTele   +    (boots currently unavailable)
Stlth   ++                       (no amulet)
HPRegen 0.26/turn                f - +5 ring of evasion
MPRegen 0.13/turn                e - ring of magical power

@: tree-form
A: stationary, stasis, torment immunity, boosted hp, (antennae 1), thin skeletal
structure 1
a: no special abilities


You were on level 2 of the Dungeon.
You were a tree.
You visited 1 branch of the dungeon, and saw 3 of its levels.

You collected 96 gold pieces.

Inventory:

Hand Weapons
 a - a +0 quarterstaff (weapon)
 h - a +2 dagger of venom
Missiles
 k - a throwing net
Armour
 d - a +1 leather armour (melded)
Jewellery
 e - a ring of magical power (right branch)
 f - a +5 ring of evasion (left branch)
Scrolls
 j - a scroll of vulnerability {unknown}
 n - a scroll of brand weapon {unknown}
Potions
 b - 2 potions of flight {unknown}
 c - a potion of lignification
 i - 2 potions of magic {unknown}
 l - 2 potions of degeneration


   Skills:
 + Level 0.1 Fighting
 + Level 1.2 Staves
 + Level 1.0 Armour
 + Level 0.4 Dodging
 + Level 0.5 Stealth
 + Level 1.2 Spellcasting
 + Level 5.2 Necromancy
 + Level 1.2 Invocations
 + Level 3.2 Evocations


You had 3 spell levels left.
You knew the following spells:

 Your Spells              Type           Power      Damage    Failure   Level
a - Necrotise             Necr           52%        1d6       3%          1

Your spell library contained the following spells:

 Spells                   Type           Power      Damage    Failure   Level
 Sublimation of Blood     Necr           13%        N/A       4%          2
 Kiss of Death            Conj/Necr      28%        2d7       10%         1


Dungeon Overview and Level Annotations

Branches:
Dungeon (3/15)

Altars:

Annotations:
D:2 Sigmund


Innate Abilities, Weirdness & Mutations

You are a tree.
Your roots penetrate the ground, keeping you stationary.
You cannot be teleported.
You are immune to unholy pain and torment.
Your maximum health is greatly increased.
Your equipment is partially melded.
((You have a pair of small antennae on your head.))
You have a somewhat thin skeletal structure. (Dex +2, Stealth+)


Message History

Confused hit: a) +0 quarterstaff
Press: ? - help, Dir - move target You miss something.
Something hits you but does no damage.
You attack the rock wall.
You hear some strange, mumbled words.
You are more confused.
You attack the rock wall.
Something hits you but does no damage.
You cannot move. (Use ctrl+direction or * direction to attack while stationary and confused.)
You swing at nothing.
You hear some strange, mumbled words.
A puff of flame appears from out of thin air!
The puff of flame hits you but does no damage.
Confused hit: a) +0 quarterstaff
Press: ? - help, Dir - move target You miss something.
Something hits you.
* * * LOW HITPOINT WARNING * * *
Something burns you.
* * * LOW HITPOINT WARNING * * *
You attack the rock wall.
You hear some strange, mumbled words.
Something tries to affect you, but you resist.
You attack the rock wall.
Something hits you but does no damage.
You attack the rock wall.
You hear some strange, mumbled words.
A magic dart appears from out of thin air!
The magic dart hits you.
* * * LOW HITPOINT WARNING * * *
Confused hit: a) +0 quarterstaff
Press: ? - help, Dir - move target You miss something.
You feel less confused.
You hear some strange, mumbled words.
Something tries to affect you, but you resist.
Hit: a) +0 quarterstaff
Press: ? - help, Dir - move target You completely miss something.
Something hits you but does no damage.
Hit: a) +0 quarterstaff
Press: ? - help, Dir - move target You hit something but do no damage.
Something hits you.
You die...

##.....#.# #.#
#>#.##.#.#### #.#
.###.#......# ###.# ##
##.##.#### #.#.#
.###.###.# #...####..
###.## #.#
#####........# #.## #.#
#.....######.# #.# #.#
####{## #.# #.# #♣# #.#
#.# #.# ###
#.#######.#######
#.......#.#......
#.......#.#......
#######.......#.#......
##.......#######.#######
...####### #.#
##....#### #.#


There were no monsters in sight!

Vanquished Creatures
  2 adders
  3 dart slugs (D:1)
  2 bats (D:1)
  2 endoplasms
  2 giant cockroaches (D:1)
  4 goblins (D:1)
  2 hobgoblins
  7 jackals
  A quokka (D:1)
  3 ball pythons (D:1)
  3 frilled lizards (D:1)
  2 kobolds (D:1)
  4 rats
37 creatures vanquished.

Vanquished Creatures (collateral kills)
  A ball python (D:1)
  A goblin (D:1)
2 creatures vanquished.

Grand Total: 39 creatures vanquished

Notes
Turn   | Place    | Note
-------+----------+-------------------------------------------
     0 | D:1      | tio the Demonspawn Wanderer began the quest for the Orb.
     0 | D:1      | tio set off with the following items: a +0 quarterstaff, a
                  | wand of flame (5), a potion of lignification, a +0 leather
                  | armour; and the following spells available to memorise:
                  | Necrotise, Sublimation of Blood, Kiss of Death.
     0 | D:1      | Reached XP level 1. HP: 13/13 MP: 2/2
    89 | D:1      | Gained mutation: You have a pair of small antennae on your
                  | head. [demonic ancestry]
    89 | D:1      | Reached XP level 2. HP: 19/19 MP: 3/3
    91 | D:1      | Learned a level 1 spell: Necrotise
   291 | D:1      | Reached skill level 5 in Necromancy
   476 | D:1      | Gained mutation: You have a somewhat thin skeletal
                  | structure. (Dex +2, Stealth+) [demonic ancestry]
   476 | D:1      | Reached XP level 3. HP: 20/24 MP: 0/4
   974 | D:2      | Noticed Sigmund
  1092 | D:2      | You fall into a shaft and drop 1 floor!
  1106 | D:3      | Reached skill level 1 in Armour
  2080 | D:2      | HP: 1/36 [something/magic dart (4)]
  2083 | D:2      | Slain by Sigmund

Illustrated notes

Levels and vault maps discovered:
D:1:      eino_arrival_druids_welcome, layout_rooms
D:2:      layout_loops_ring, serial_co_window_serial, co_window_corner_a,
          co_window_corner_a, co_window_of_opportunity_a, co_window_cross_1,
          co_window_paths_a, co_window_corner_a, co_window_unsneaky_path_b,
          co_window_2corner, co_window_broadway_c, co_window_sun,
          co_window_4corner_a, uniq_sigmund
D:3:      layout_loops_ring, pdpol_wu_jian_five_deadly_venoms,
          minmay_misc_feat_encased

Skill      XL: |  1  2  3 |
---------------+----------+-----
Necromancy     | 5 |  5.2
Armour         | 1 |  1.0
Fighting       | |  0.1
Staves         | |  1.2
Dodging        | |  0.4
Stealth        | |  0.5
Spellcasting   | |  1.2
Invocations    | |  1.2
Evocations     | |  3.2

Action                   || total
-------------------------++-------
Melee: Quarterstaff      ||    66
 Cast: Necrotise         ||    42
Evoke: Wand              ||     5
  Use: Scroll            ||     7
       Potion            ||     5
 Stab: Distracted        ||     1
Armor: Leather armour    ||    13
       Skin              ||     7
Dodge: Dodged            ||    69

Table legend: (Time is in decaauts)
 A = Elapsed time spent in this place.
 B = Non-inter-level travel time spent in this place.
 C = Inter-level travel time spent in this place.
 D = Time resting spent in this place.
 E = Time spent auto-exploring this place.
 F = Levels seen in this place.
 G = Mean time per level.
                   A        B        C        D        E       F      G
               +--------+--------+--------+--------+--------+-----+--------+
         Total |   2098 |   1983 |    115 |      0 |   1696 |   3 |  699.3 |
       Dungeon |   2098 |   1983 |    115 |      0 |   1696 |   3 |  699.3 |
               +--------+--------+--------+--------+--------+-----+--------+

Top non-repeatable levels by time:
     D:2: 1254 daAuts
     D:1: 823 daAuts
     D:3: 20 daAuts
